2547 views
Uploaded 2022-01-12 20:05:34
Game version 1.32.10
27:25 long 4on4 ladder game on (8)GoldRush
Saved by xzz
2547 views
Uploaded 2022-01-12 20:05:34
Game version 1.32.10
27:25 long 4on4 ladder game on (8)GoldRush


119 units @ 15k
/ 1.3k
83 buildings @ 13.6k
/ 5.4k

| Healing Salve | 1 | 100 |
| Scroll of Speed | 1 | 50 |
| Potion of Healing | 1 | 150 |
| Potion of Mana | 1 | 200 |
| Scroll of Town Portal | 1 | 350 |
| total: | 5 | 850g |
| Peon | 7 | 525 | / | 0 |
| Grunt | 2 | 400 | / | 0 |
| Troll Headhunter | 15 | 2100 | / | 300 |
| Shaman | 3 | 390 | / | 60 |
| total: | 27 | 3415g | / | 360w |
| Altar of Storms | 1 | 180 | / | 50 |
| Barracks | 1 | 180 | / | 50 |
| Orc Burrow | 7 | 1120 | / | 280 |
| War Mill | 1 | 205 | / | 0 |
| Voodoo Lounge | 1 | 130 | / | 30 |
| Great Hall | 2 | 770 | / | 370 |
| Spirit Lodge | 1 | 150 | / | 150 |
| Stronghold | 1 | 315 | / | 190 |
| total: | 14 | 2735g | / | 930w |
| 0:03 | Peon |
| 0:07 | Altar of Storms |
| 0:11 | Barracks |
| 0:21 | Orc Burrow |
| 0:38 | Peon |
| 0:55 | Peon |
| 1:03 | Peon |
| 1:20 | Grunt |
| 1:37 | Peon |
| 1:46 | Orc Burrow |
| 2:06 | War Mill |
| 2:16 | Serpent Ward |
| 3:03 | Orc Burrow |
| 3:05 | Grunt |
| 3:23 | Troll Headhunter |
| 3:23 | Troll Headhunter |
| 3:23 | Troll Headhunter |
| 3:51 | Voodoo Lounge |
| 4:18 | Troll Headhunter |
| 4:35 | Troll Headhunter |
| 4:38 | Steel Ranged Weapons |
| 4:44 | Steel Armor |
| 5:23 | Orc Burrow |
| 5:27 | Troll Headhunter |
| 5:28 | Troll Headhunter |
| 5:44 | Hex |
| 6:09 | Troll Headhunter |
| 6:09 | Troll Headhunter |
| 6:14 | Stronghold |
| 7:28 | Healing Salve |
| 7:28 | Scroll of Speed |
| 7:34 | Troll Headhunter |
| 7:34 | Troll Headhunter |
| 7:34 | Troll Headhunter |
| 7:35 | Troll Headhunter |
| 7:37 | Troll Headhunter |
| 7:53 | Potion of Healing |
| 8:52 | Troll Regeneration |
| 9:36 | Thorium Ranged Weapons |
| 9:37 | Thorium Armor |
| 9:53 | Serpent Ward |
| 10:12 | Troll Headhunter |
| 10:18 | Spirit Lodge |
| 10:24 | Orc Burrow |
| 11:35 | Great Hall |
| 11:53 | Potion of Mana |
| 12:26 | Peon |
| 12:26 | Peon |
| 12:32 | Orc Burrow |
| 13:05 | Great Hall |
| 13:46 | Scroll of Town Portal |
| 13:52 | Shaman |
| 13:52 | Shaman |
| 13:52 | Shaman |
| 13:53 | Shaman Adept Training |
| 14:35 | Healing Wave |
| 17:29 | Orc Burrow |
| Right click | 345 |
| Select | 141 |
| Select group | 51 |
| Build/train/purchase | 50 |
| Use ability | 26 |
| Minimap ping | 22 |
| Assign group | 16 |
| Esc | 6 |
| Item give/drop | 5 |
| Remove unit | 1 |

| Healing Salve | 3 | 300 |
| Lesser Clarity Potion | 3 | 210 |
| Potion of Healing | 2 | 300 |
| Scroll of Speed | 1 | 50 |
| Scroll of Town Portal | 3 | 1050 |
| total: | 12 | 1910g |
| Peon | 23 | 1725 | / | 0 |
| Grunt | 7 | 1400 | / | 0 |
| Troll Headhunter | 9 | 1260 | / | 180 |
| Demolisher | 2 | 440 | / | 100 |
| total: | 41 | 4825g | / | 280w |
| Watch Tower | 21 | 2310 | / | 1680 |
| Orc Burrow | 10 | 1600 | / | 400 |
| Altar of Storms | 2 | 360 | / | 100 |
| Barracks | 2 | 360 | / | 100 |
| War Mill | 2 | 410 | / | 0 |
| Voodoo Lounge | 2 | 260 | / | 60 |
| Great Hall | 3 | 1155 | / | 555 |
| Spirit Lodge | 1 | 150 | / | 150 |
| Stronghold | 1 | 315 | / | 190 |
| total: | 43 | 6605g | / | 3045w |
| 0:03 | Peon |
| 0:03 | Peon |
| 0:23 | Orc Burrow |
| 0:26 | Peon |
| 0:36 | Altar of Storms |
| 0:43 | Peon |
| 0:51 | Barracks |
| 0:58 | Peon |
| 1:06 | War Mill |
| 1:16 | Peon |
| 1:23 | Peon |
| 1:51 | Orc Burrow |
| 1:56 | Grunt |
| 2:04 | Peon |
| 2:38 | Feral Spirit |
| 2:49 | Grunt |
| 2:53 | Watch Tower |
| 2:57 | Watch Tower |
| 4:01 | Troll Headhunter |
| 4:01 | Troll Headhunter |
| 4:28 | Stronghold |
| 4:34 | Orc Burrow |
| 4:37 | Watch Tower |
| 4:51 | Chain Lighting |
| 5:23 | Voodoo Lounge |
| 6:08 | Grunt |
| 6:09 | Grunt |
| 6:09 | Troll Headhunter |
| 6:15 | Orc Burrow |
| 6:17 | Spiked Barricades |
| 6:22 | Great Hall |
| 6:26 | Watch Tower |
| 6:33 | Healing Salve |
| 6:38 | Lesser Clarity Potion |
| 8:04 | Healing Salve |
| 8:09 | Healing Salve |
| 8:11 | Lesser Clarity Potion |
| 8:13 | Scroll of Town Portal |
| 8:52 | Watch Tower |
| 8:56 | Berserker Strength |
| 8:58 | Demolisher |
| 8:59 | Demolisher |
| 9:28 | Peon |
| 9:29 | Peon |
| 9:29 | Peon |
| 9:29 | Peon |
| 10:05 | Feral Spirit |
| 10:18 | Watch Tower |
| 10:20 | Watch Tower |
| 10:24 | Orc Burrow |
| 10:31 | Lesser Clarity Potion |
| 10:34 | Potion of Healing |
| 10:34 | Scroll of Speed |
| 10:40 | Grunt |
| 10:47 | Reinforced Defenses |
| 11:28 | Great Hall |
| 12:05 | Watch Tower |
| 12:15 | Pillage |
| 12:22 | Watch Tower |
| 12:58 | Spirit Lodge |
| 13:03 | Peon |
| 13:03 | Peon |
| 13:03 | Peon |
| 13:18 | Orc Burrow |
| 13:32 | Watch Tower |
| 13:53 | Troll Headhunter |
| 13:54 | Troll Headhunter |
| 14:47 | Chain Lighting |
| 15:00 | Scroll of Town Portal |
| 15:24 | Peon |
| 15:25 | Peon |
| 15:25 | Peon |
| 15:29 | Watch Tower |
| 16:32 | Grunt |
| 16:33 | Grunt |
| 16:51 | Watch Tower |
| 16:59 | Witch Doctor Adept Training |
| 17:03 | Orc Burrow |
| 17:11 | Barracks |
| 17:25 | Orc Burrow |
| 17:51 | Great Hall |
| 18:13 | Watch Tower |
| 18:16 | Troll Headhunter |
| 18:16 | Troll Headhunter |
| 18:18 | Troll Headhunter |
| 18:18 | Troll Headhunter |
| 18:32 | Watch Tower |
| 18:34 | Watch Tower |
| 18:36 | Watch Tower |
| 18:39 | Watch Tower |
| 18:43 | Watch Tower |
| 18:46 | Watch Tower |
| 18:49 | Orc Burrow |
| 19:11 | Scroll of Town Portal |
| 19:13 | Potion of Healing |
| 21:23 | Altar of Storms |
| 21:28 | Watch Tower |
| 21:33 | Orc Burrow |
| 21:40 | Watch Tower |
| 21:53 | Peon |
| 22:37 | War Mill |
| 25:11 | Voodoo Lounge |
| 25:17 | Peon |
| 25:17 | Peon |
| 25:18 | Peon |
| 25:18 | Peon |
| Right click | 980 |
| Select | 374 |
| Select group | 313 |
| Build/train/purchase | 87 |
| Assign group | 26 |
| Use ability | 24 |
| Chat | 8 |
| Minimap ping | 2 |
| Item give/drop | 1 |


| Rod of Necromancy | 1 | 150 |
| Lesser Clarity Potion | 1 | 70 |
| Healing Salve | 1 | 100 |
| total: | 3 | 320g |
| Acolyte | 8 | 600 | / | 0 |
| Ghoul | 19 | 2280 | / | 0 |
| Crypt Fiend | 5 | 1075 | / | 200 |
| Necromancer | 5 | 725 | / | 100 |
| Obsidian Statue | 3 | 600 | / | 105 |
| Gargoyle | 7 | 1225 | / | 210 |
| total: | 47 | 6505g | / | 615w |
| Nerubian Tower | 2 | 200 | / | 40 |
| Spirit Tower | 4 | 580 | / | 160 |
| Ziggurat | 10 | 1500 | / | 500 |
| Crypt | 1 | 200 | / | 50 |
| Altar of Darkness | 2 | 360 | / | 100 |
| Graveyard | 1 | 215 | / | 0 |
| Tomb of Relics | 2 | 260 | / | 60 |
| Necropolis | 1 | 225 | / | 0 |
| Temple of the Damned | 3 | 465 | / | 420 |
| Slaughterhouse | 1 | 140 | / | 135 |
| Halls of the Dead | 1 | 320 | / | 210 |
| Black Citadel | 1 | 325 | / | 230 |
| total: | 21 | 3365g | / | 1265w |
| 0:13 | Acolyte |
| 0:13 | Acolyte |
| 0:17 | Ziggurat |
| 0:21 | Crypt |
| 0:49 | Altar of Darkness |
| 1:13 | Graveyard |
| 1:34 | Ghoul |
| 1:34 | Ghoul |
| 1:46 | Tomb of Relics |
| 2:10 | Ziggurat |
| 2:13 | Nerubian Tower |
| 2:36 | Ghoul |
| 2:37 | Ghoul |
| 2:49 | Impale |
| 2:56 | Rod of Necromancy |
| 3:15 | Crypt Fiend |
| 3:36 | Crypt Fiend |
| 3:51 | Ziggurat |
| 4:43 | Acolyte |
| 4:43 | Acolyte |
| 4:44 | Acolyte |
| 4:44 | Acolyte |
| 4:44 | Acolyte |
| 4:48 | Spiked Carapace |
| 4:53 | Crypt Fiend |
| 5:35 | Creature Attack |
| 5:36 | Creature Carapace |
| 5:55 | Crypt Fiend |
| 6:26 | Halls of the Dead |
| 6:46 | Ziggurat |
| 6:47 | Ziggurat |
| 7:04 | Crypt Fiend |
| 7:21 | Spirit Tower |
| 7:24 | Spiked Carapace |
| 7:33 | Ziggurat |
| 7:34 | Ziggurat |
| 7:34 | Ziggurat |
| 8:10 | Necropolis |
| 8:17 | Healing Salve |
| 8:18 | Lesser Clarity Potion |
| 9:17 | Temple of the Damned |
| 9:18 | Temple of the Damned |
| 9:21 | Temple of the Damned |
| 9:24 | Unholy Strength |
| 9:24 | Unholy Armor |
| 9:47 | Ghoul |
| 9:47 | Ghoul |
| 9:47 | Ghoul |
| 9:47 | Ghoul |
| 9:47 | Ghoul |
| 10:18 | Nerubian Tower |
| 10:20 | Spirit Tower |
| 10:23 | Ziggurat |
| 10:33 | Slaughterhouse |
| 10:36 | Skeletal Mastery |
| 10:37 | Necromancer Adept Training |
| 10:37 | Necromancer |
| 10:49 | Death Coil |
| 11:06 | Ghoul |
| 11:07 | Ghoul |
| 11:07 | Ghoul |
| 11:07 | Ghoul |
| 11:10 | Ghoul |
| 11:24 | Necromancer |
| 11:34 | Black Citadel |
| 11:59 | Obsidian Statue |
| 12:01 | Obsidian Statue |
| 12:45 | Improved Unholy Strength |
| 12:45 | Improved Unholy Armor |
| 13:29 | Necromancer |
| 13:33 | Unholy Aura |
| 15:10 | Impale |
| 15:19 | Necromancer Master Training |
| 15:31 | Tomb of Relics |
| 16:40 | Obsidian Statue |
| 16:42 | Necromancer |
| 16:44 | Advanced Unholy Strength |
| 16:44 | Advanced Unholy Armor |
| 16:46 | Ghoul |
| 16:47 | Ghoul |
| 16:47 | Ghoul |
| 16:47 | Ghoul |
| 16:47 | Ghoul |
| 17:43 | Necromancer |
| 18:11 | Ziggurat |
| 18:29 | Altar of Darkness |
| 19:14 | Spirit Tower |
| 19:21 | Spirit Tower |
| 19:54 | Gargoyle |
| 19:54 | Gargoyle |
| 19:54 | Gargoyle |
| 19:55 | Gargoyle |
| 19:55 | Gargoyle |
| 19:55 | Gargoyle |
| 19:55 | Gargoyle |
| 20:52 | Acolyte |
| 21:12 | Impale |
| 21:40 | Death Coil |
| 22:09 | Unholy Aura |
| 22:26 | Locust Swarm |
| Right click | 414 |
| Select group | 375 |
| Select | 301 |
| Chat | 197 |
| Build/train/purchase | 103 |
| Use ability | 23 |
| Assign group | 14 |
| Resource trade | 11 |
| Misc. action | 2 |
| Minimap ping | 1 |
| Wisp | 4 | 240 | / | 0 |
| total: | 4 | 240g | / | 0w |
| Moon Well | 5 | 900 | / | 200 |
| total: | 5 | 900g | / | 200w |
| 0:02 | Wisp |
| 0:03 | Wisp |
| 0:11 | Wisp |
| 0:17 | Wisp |
| 0:31 | Moon Well |
| 8:26 | Moon Well |
| 8:28 | Moon Well |
| 8:32 | Moon Well |
| 8:35 | Moon Well |
| Select | 393 |
| Right click | 173 |
| Assign group | 38 |
| Misc. action | 36 |
| Select group | 23 |
| Esc | 12 |
| Build/train/purchase | 11 |
| Use ability | 11 |
185 units @ 23k
/ 3.1k
146 buildings @ 23.9k
/ 10.1k


| Moonstone | 1 | 50 |
| Scroll of Town Portal | 2 | 700 |
| Boots of Speed | 2 | 500 |
| total: | 5 | 1250g |
| Wisp | 41 | 2460 | / | 0 |
| Archer | 7 | 910 | / | 70 |
| Hippogryph | 4 | 640 | / | 80 |
| Glaive Thrower | 6 | 1260 | / | 390 |
| total: | 58 | 5270g | / | 540w |
| Ancient Protector | 3 | 405 | / | 240 |
| Moon Well | 40 | 7200 | / | 1600 |
| Ancient of War | 2 | 300 | / | 120 |
| Altar of Elders | 1 | 180 | / | 50 |
| Tree of Life | 7 | 2380 | / | 1295 |
| Hunter's Hall | 1 | 210 | / | 100 |
| Ancient of Wonders | 1 | 90 | / | 30 |
| Ancient of Wind | 2 | 300 | / | 280 |
| Tree of Ages | 1 | 320 | / | 180 |
| Tree of Eternity | 1 | 330 | / | 200 |
| total: | 57 | 11065g | / | 3715w |
| 0:04 | Wisp |
| 0:04 | Wisp |
| 0:19 | Wisp |
| 0:21 | Moon Well |
| 0:35 | Ancient of War |
| 0:42 | Wisp |
| 0:50 | Altar of Elders |
| 0:53 | Wisp |
| 1:16 | Wisp |
| 1:19 | Moon Well |
| 1:28 | Wisp |
| 1:43 | Archer |
| 1:46 | Moon Well |
| 2:03 | Archer |
| 2:22 | Frost Arrows |
| 2:25 | Archer |
| 2:27 | Wisp |
| 2:38 | Archer |
| 3:02 | Wisp |
| 3:02 | Wisp |
| 3:06 | Archer |
| 3:34 | Tree of Ages |
| 3:56 | Forked Lightning |
| 4:01 | Tree of Life |
| 4:17 | Hunter's Hall |
| 4:53 | Moon Well |
| 5:10 | Tree of Life |
| 5:26 | Archer |
| 5:34 | Strength of the Moon |
| 5:59 | Wisp |
| 6:13 | Frost Arrows |
| 6:14 | Wisp |
| 7:03 | Wisp |
| 7:03 | Wisp |
| 7:06 | Ancient of Wind |
| 7:06 | Ancient of Wind |
| 7:08 | Wisp |
| 7:24 | Trueshot Aura |
| 8:00 | Improved Bows |
| 8:02 | Improved Strength of the Moon |
| 8:03 | Wisp |
| 8:04 | Wisp |
| 8:04 | Wisp |
| 8:04 | Wisp |
| 8:04 | Wisp |
| 8:07 | Wisp |
| 8:16 | Wisp |
| 8:18 | Wisp |
| 8:22 | Wisp |
| 8:28 | Wisp |
| 8:52 | Wisp |
| 8:54 | Moon Armor |
| 8:55 | Ultravision |
| 8:58 | Hippogryph |
| 9:23 | Searing Arrows |
| 9:57 | Forked Lightning |
| 10:13 | Tree of Life |
| 10:14 | Tree of Eternity |
| 10:18 | Tree of Life |
| 10:20 | Ancient Protector |
| 10:26 | Glaive Thrower |
| 10:32 | Ancient of War |
| 10:33 | Wisp |
| 10:42 | Boots of Speed |
| 10:55 | Boots of Speed |
| 10:59 | Hippogryph |
| 11:03 | Glaive Thrower |
| 11:07 | Moon Well |
| 11:12 | Moon Well |
| 11:13 | Moon Well |
| 11:14 | Moon Well |
| 11:15 | Moon Well |
| 11:16 | Moon Well |
| 11:17 | Moon Well |
| 11:21 | Ancient of Wonders |
| 11:45 | Glaive Thrower |
| 11:52 | Hippogryph |
| 12:22 | Trueshot Aura |
| 12:35 | Wisp |
| 12:35 | Wisp |
| 12:35 | Wisp |
| 12:43 | Vorpal Blades |
| 13:17 | Wisp |
| 13:19 | Well Spring |
| 14:25 | Frost Arrows |
| 14:28 | Advanced Strength of the Moon |
| 14:36 | Scroll of Town Portal |
| 14:44 | Improved Moon Armor |
| 15:13 | Searing Arrows |
| 15:18 | Marksmanship |
| 15:23 | Wisp |
| 15:25 | Wisp |
| 15:25 | Wisp |
| 15:25 | Wisp |
| 16:17 | Archer |
| 16:17 | Hippogryph |
| 16:26 | Moonstone |
| 16:27 | Scroll of Town Portal |
| 16:40 | Glaive Thrower |
| 17:24 | Glaive Thrower |
| 17:28 | Tree of Life |
| 17:33 | Tree of Life |
| 17:38 | Ancient Protector |
| 17:40 | Ancient Protector |
| 17:52 | Wisp |
| 17:52 | Wisp |
| 17:52 | Wisp |
| 17:52 | Wisp |
| 17:53 | Wisp |
| 18:05 | Glaive Thrower |
| 18:07 | Advanced Moon Armor |
| 20:34 | Tornado |
| 22:11 | Trueshot Aura |
| 22:42 | Moon Well |
| 22:42 | Moon Well |
| 22:43 | Moon Well |
| 22:45 | Moon Well |
| 22:47 | Moon Well |
| 22:49 | Moon Well |
| 22:51 | Moon Well |
| 22:51 | Moon Well |
| 22:52 | Moon Well |
| 22:53 | Moon Well |
| 22:53 | Moon Well |
| 22:54 | Moon Well |
| 22:54 | Moon Well |
| 22:55 | Moon Well |
| 22:56 | Moon Well |
| 22:56 | Moon Well |
| 22:57 | Moon Well |
| 22:57 | Moon Well |
| 22:58 | Moon Well |
| 22:58 | Moon Well |
| 22:59 | Moon Well |
| 22:59 | Moon Well |
| 22:59 | Moon Well |
| 23:00 | Moon Well |
| 23:00 | Moon Well |
| 23:01 | Moon Well |
| 23:01 | Moon Well |
| 23:04 | Moon Well |
| 23:04 | Moon Well |
| 23:12 | Wisp |
| 23:16 | Tree of Life |
| Right click | 848 |
| Select group | 645 |
| Chat | 379 |
| Select | 234 |
| Build/train/purchase | 101 |
| Assign group | 28 |
| Misc. action | 13 |
| Use ability | 8 |
| Item give/drop | 5 |



| Scroll of Town Portal | 1 | 350 |
| total: | 1 | 350g |
| Peasant | 7 | 525 | / | 0 |
| Rifleman | 8 | 1640 | / | 240 |
| Gryphon Rider | 8 | 2240 | / | 560 |
| total: | 23 | 4405g | / | 800w |
| Scout Tower | 1 | 30 | / | 20 |
| Arcane Tower | 1 | 70 | / | 50 |
| Altar of Kings | 1 | 180 | / | 50 |
| Farm | 11 | 880 | / | 220 |
| Barracks | 2 | 320 | / | 120 |
| Lumber Mill | 1 | 120 | / | 0 |
| Blacksmith | 1 | 140 | / | 60 |
| Town Hall | 1 | 385 | / | 205 |
| Gryphon Aviary | 1 | 140 | / | 150 |
| Keep | 1 | 320 | / | 210 |
| Castle | 1 | 360 | / | 210 |
| total: | 19 | 2195g | / | 825w |
| 0:34 | Peasant |
| 0:34 | Peasant |
| 0:36 | Peasant |
| 0:42 | Altar of Kings |
| 0:50 | Scout Tower |
| 0:54 | Farm |
| 1:02 | Peasant |
| 1:16 | Arcane Tower |
| 1:36 | Barracks |
| 1:41 | Lumber Mill |
| 1:48 | Peasant |
| 2:10 | Improved Lumber Harvesting |
| 2:22 | Farm |
| 2:31 | Blacksmith |
| 2:50 | Summon Water Elemental |
| 3:17 | Rifleman |
| 3:29 | Rifleman |
| 4:04 | Rifleman |
| 4:26 | Keep |
| 5:14 | Rifleman |
| 6:10 | Black Gunpowder |
| 6:12 | Farm |
| 6:21 | Rifleman |
| 7:58 | Castle |
| 8:00 | Holy Light |
| 8:07 | Refined Gunpowder |
| 8:08 | Rifleman |
| 8:10 | Barracks |
| 8:11 | Farm |
| 9:19 | Gryphon Aviary |
| 9:20 | Farm |
| 9:46 | Brilliance Aura |
| 10:07 | Rifleman |
| 10:07 | Rifleman |
| 10:45 | Scroll of Town Portal |
| 10:56 | Gryphon Rider |
| 11:28 | Imbued Gunpowder |
| 11:43 | Storm Bolt |
| 11:48 | Divine Shield |
| 11:55 | Studded Leather Armor |
| 11:57 | Farm |
| 12:22 | Advanced Lumber Harvesting |
| 12:36 | Summon Water Elemental |
| 12:52 | Gryphon Rider |
| 12:52 | Gryphon Rider |
| 13:45 | Farm |
| 13:46 | Farm |
| 13:49 | Animal War Training |
| 14:18 | Storm Hammers |
| 14:42 | Bash |
| 15:01 | Improved Masonry |
| 15:04 | Farm |
| 16:01 | Devotion Aura |
| 17:32 | Gryphon Rider |
| 17:33 | Gryphon Rider |
| 17:33 | Gryphon Rider |
| 17:35 | Reinforced Leather Armor |
| 17:36 | Farm |
| 17:56 | Storm Bolt |
| 18:50 | Farm |
| 19:03 | Blizzard |
| 19:32 | Advanced Masonry |
| 19:35 | Dragonhide Armor |
| 20:56 | Holy Light |
| 21:17 | Town Hall |
| 22:18 | Summon Water Elemental |
| 22:23 | Peasant |
| 22:23 | Peasant |
| 22:41 | Gryphon Rider |
| 22:41 | Gryphon Rider |
| 25:37 | Bash |
| Right click | 849 |
| Select | 503 |
| Misc. action | 251 |
| Build/train/purchase | 116 |
| Use ability | 74 |
| Minimap ping | 60 |
| Chat | 48 |
| Select group | 9 |
| Assign group | 2 |
| Item give/drop | 1 |
| Remove unit | 1 |



| Orb of Venom | 1 | 325 |
| Scroll of Town Portal | 1 | 350 |
| Scroll of Protection | 1 | 150 |
| Potion of Lesser Invulnerability | 1 | 150 |
| Circlet of Nobility | 1 | 175 |
| total: | 5 | 1150g |
| Wisp | 25 | 1500 | / | 0 |
| Archer | 12 | 1560 | / | 120 |
| Huntress | 3 | 585 | / | 60 |
| Hippogryph | 8 | 1280 | / | 160 |
| Dryad | 1 | 145 | / | 60 |
| Mountain Giant | 6 | 2100 | / | 600 |
| total: | 55 | 7170g | / | 1000w |
| Ancient Protector | 1 | 135 | / | 80 |
| Altar of Elders | 1 | 180 | / | 50 |
| Moon Well | 7 | 1260 | / | 280 |
| Ancient of War | 2 | 300 | / | 120 |
| Ancient of Wonders | 1 | 90 | / | 30 |
| Hunter's Hall | 1 | 210 | / | 100 |
| Tree of Life | 2 | 680 | / | 370 |
| Ancient of Wind | 3 | 450 | / | 420 |
| Ancient of Lore | 2 | 310 | / | 290 |
| Tree of Ages | 1 | 320 | / | 180 |
| Tree of Eternity | 1 | 330 | / | 200 |
| total: | 20 | 3615g | / | 1740w |
| 0:02 | Wisp |
| 0:02 | Wisp |
| 0:03 | Wisp |
| 0:19 | Altar of Elders |
| 0:37 | Moon Well |
| 0:41 | Wisp |
| 0:41 | Wisp |
| 0:41 | Wisp |
| 0:50 | Ancient of War |
| 1:19 | Wisp |
| 1:19 | Wisp |
| 1:37 | Ancient of Wonders |
| 1:53 | Moon Well |
| 1:56 | Archer |
| 2:00 | Wisp |
| 2:00 | Wisp |
| 2:00 | Wisp |
| 2:34 | Immolation |
| 2:41 | Hunter's Hall |
| 2:49 | Archer |
| 2:49 | Archer |
| 2:59 | Moon Well |
| 3:14 | Moon Well |
| 3:24 | Archer |
| 3:40 | Archer |
| 4:02 | Archer |
| 4:02 | Archer |
| 4:09 | Evasion |
| 4:17 | Ancient of War |
| 4:30 | Tree of Life |
| 4:40 | Strength of the Moon |
| 4:47 | Wisp |
| 5:00 | Huntress |
| 5:21 | Huntress |
| 5:23 | Ultravision |
| 5:33 | Ancient Protector |
| 5:44 | Backpack |
| 5:46 | Sentinel |
| 5:47 | Evasion |
| 6:27 | Tree of Ages |
| 7:26 | Huntress |
| 7:27 | Moon Armor |
| 8:20 | Archer |
| 8:24 | Moon Well |
| 8:58 | Improved Bows |
| 8:59 | Wisp |
| 8:59 | Wisp |
| 9:00 | Wisp |
| 9:00 | Wisp |
| 9:00 | Wisp |
| 9:00 | Wisp |
| 9:41 | Immolation |
| 10:12 | Trueshot Aura |
| 10:40 | Moon Glaive |
| 10:42 | Improved Moon Armor |
| 10:44 | Wisp |
| 10:44 | Wisp |
| 10:44 | Wisp |
| 10:44 | Wisp |
| 10:52 | Moon Well |
| 10:54 | Archer |
| 10:54 | Archer |
| 10:59 | Scroll of Town Portal |
| 11:19 | Archer |
| 11:21 | Strength of the Wild |
| 11:57 | Ancient of Wind |
| 11:58 | Wisp |
| 11:59 | Wisp |
| 11:59 | Wisp |
| 12:03 | Ancient of Wind |
| 12:26 | Ancient of Wind |
| 12:56 | Reinforced Hides |
| 12:59 | Archer |
| 13:02 | Tree of Eternity |
| 13:18 | Hippogryph |
| 13:18 | Hippogryph |
| 13:18 | Hippogryph |
| 13:20 | Hippogryph |
| 13:24 | Hippogryph |
| 13:25 | Hippogryph |
| 13:39 | Improved Strength of the Wild |
| 13:42 | Scout |
| 14:14 | Druid of the Talon Adept Training |
| 14:16 | Improved Reinforced Hides |
| 14:34 | Ancient of Lore |
| 14:37 | Ancient of Lore |
| 14:53 | Hippogryph |
| 15:14 | Improved Strength of the Moon |
| 15:30 | Scroll of Protection |
| 15:30 | Potion of Lesser Invulnerability |
| 15:32 | Circlet of Nobility |
| 15:47 | Well Spring |
| 16:17 | Druid of the Talon Master Training |
| 16:21 | Thorns Aura |
| 16:23 | Orb of Venom |
| 16:39 | Marksmanship |
| 16:51 | Abolish Magic |
| 16:54 | Druid of the Claw Adept Training |
| 17:23 | Druid of the Claw Master Training |
| 17:39 | Nature's Blessing |
| 18:06 | Advanced Moon Armor |
| 18:25 | Resistant Skin |
| 18:29 | Mark of the Claw |
| 19:06 | Evasion |
| 19:07 | Trueshot Aura |
| 19:21 | Advanced Reinforced Hides |
| 19:24 | Mark of the Talon |
| 19:27 | Hardened Skin |
| 19:46 | Dryad |
| 20:17 | Hippogryph |
| 20:39 | Advanced Strength of the Wild |
| 20:40 | Advanced Strength of the Moon |
| 21:16 | Force of Nature |
| 21:24 | Mountain Giant |
| 22:15 | Mountain Giant |
| 22:34 | Mountain Giant |
| 23:40 | Tree of Life |
| 24:37 | Moon Well |
| 24:48 | Mountain Giant |
| 25:09 | Mountain Giant |
| 25:42 | Mountain Giant |
| Select | 457 |
| Select group | 414 |
| Right click | 177 |
| Build/train/purchase | 143 |
| Misc. action | 87 |
| Chat | 36 |
| Assign group | 26 |
| Use ability | 12 |
| Item give/drop | 7 |
| Remove unit | 2 |
| Minimap ping | 1 |

| Healing Salve | 4 | 400 |
| Scroll of Speed | 3 | 150 |
| Lesser Clarity Potion | 2 | 140 |
| Potion of Mana | 1 | 200 |
| Potion of Healing | 1 | 150 |
| Orb of Lightning | 1 | 375 |
| total: | 12 | 1415g |
| Peon | 26 | 1950 | / | 0 |
| Grunt | 2 | 400 | / | 0 |
| Troll Headhunter | 5 | 700 | / | 100 |
| Demolisher | 3 | 660 | / | 150 |
| Wind Rider | 2 | 530 | / | 80 |
| Raider | 6 | 1080 | / | 240 |
| Troll Batrider | 4 | 640 | / | 160 |
| Forest Troll Shadow Priest | 1 | 195 | / | 10 |
| total: | 49 | 6155g | / | 740w |
| Watch Tower | 31 | 3410 | / | 2480 |
| Altar of Storms | 2 | 360 | / | 100 |
| Orc Burrow | 6 | 960 | / | 240 |
| Barracks | 1 | 180 | / | 50 |
| Voodoo Lounge | 1 | 130 | / | 30 |
| War Mill | 3 | 615 | / | 0 |
| Great Hall | 2 | 770 | / | 370 |
| Beastiary | 4 | 580 | / | 560 |
| Stronghold | 1 | 315 | / | 190 |
| Fortress | 1 | 325 | / | 190 |
| total: | 50 | 7005g | / | 3830w |
| 0:05 | Altar of Storms |
| 0:06 | Orc Burrow |
| 0:08 | Altar of Storms |
| 0:11 | Peon |
| 0:11 | Peon |
| 0:39 | Barracks |
| 0:46 | Peon |
| 1:22 | Orc Burrow |
| 1:26 | Peon |
| 1:41 | Grunt |
| 1:47 | Peon |
| 2:01 | Voodoo Lounge |
| 2:23 | Serpent Ward |
| 2:25 | Grunt |
| 2:45 | War Mill |
| 3:14 | Peon |
| 3:18 | Orc Burrow |
| 3:25 | Forest Troll Shadow Priest |
| 3:43 | Peon |
| 3:44 | Peon |
| 4:22 | Hex |
| 4:35 | Peon |
| 4:35 | Peon |
| 4:35 | Troll Headhunter |
| 4:46 | Great Hall |
| 5:04 | Troll Headhunter |
| 5:07 | Healing Salve |
| 5:12 | Scroll of Speed |
| 5:16 | Lesser Clarity Potion |
| 5:26 | Healing Salve |
| 5:41 | Watch Tower |
| 6:00 | Watch Tower |
| 6:01 | Watch Tower |
| 6:38 | Troll Headhunter |
| 7:02 | Stronghold |
| 7:08 | Watch Tower |
| 7:09 | Watch Tower |
| 8:02 | Hex |
| 8:09 | Troll Headhunter |
| 8:10 | Troll Headhunter |
| 8:14 | Orc Burrow |
| 8:18 | Watch Tower |
| 8:18 | Watch Tower |
| 8:19 | Watch Tower |
| 8:25 | Peon |
| 10:12 | Beastiary |
| 10:13 | Beastiary |
| 10:14 | Demolisher |
| 10:14 | Demolisher |
| 10:29 | Reinforced Defenses |
| 10:31 | Peon |
| 10:31 | Peon |
| 10:31 | Peon |
| 10:50 | Healing Salve |
| 10:50 | Healing Salve |
| 10:52 | Peon |
| 10:52 | Peon |
| 10:58 | Lesser Clarity Potion |
| 11:01 | Potion of Mana |
| 11:02 | Scroll of Speed |
| 11:07 | Potion of Healing |
| 11:23 | Wind Rider |
| 11:28 | Orc Burrow |
| 12:02 | Orc Burrow |
| 12:22 | Fortress |
| 12:24 | Steel Ranged Weapons |
| 12:38 | Demolisher |
| 12:57 | Wind Rider |
| 13:23 | Steel Armor |
| 14:09 | Serpent Ward |
| 14:49 | Ensnare |
| 14:49 | Raider |
| 14:57 | Beastiary |
| 15:00 | Beastiary |
| 15:07 | Watch Tower |
| 15:07 | Watch Tower |
| 15:08 | Watch Tower |
| 15:08 | Watch Tower |
| 15:08 | Watch Tower |
| 15:11 | Peon |
| 15:11 | Peon |
| 15:12 | Peon |
| 15:12 | Peon |
| 15:12 | Peon |
| 15:17 | War Mill |
| 15:21 | Pillage |
| 15:39 | Peon |
| 15:59 | Peon |
| 15:59 | Peon |
| 16:03 | Raider |
| 16:33 | Hex |
| 16:41 | Raider |
| 18:01 | Great Hall |
| 18:03 | Watch Tower |
| 18:03 | Watch Tower |
| 18:04 | Watch Tower |
| 18:04 | Watch Tower |
| 18:07 | Liquid Fire |
| 18:35 | Troll Batrider |
| 18:37 | Troll Batrider |
| 18:57 | Scroll of Speed |
| 18:57 | Orb of Lightning |
| 19:34 | Watch Tower |
| 19:54 | Troll Batrider |
| 19:57 | Thorium Ranged Weapons |
| 20:23 | Big Bad Voodoo |
| 20:26 | Troll Batrider |
| 22:42 | Raider |
| 22:43 | Raider |
| 23:38 | Thorium Armor |
| 23:40 | Raider |
| 26:20 | Serpent Ward |
| 26:31 | Watch Tower |
| 26:32 | Watch Tower |
| 26:36 | Peon |
| 26:36 | Peon |
| 26:54 | War Mill |
| 27:01 | Watch Tower |
| 27:01 | Watch Tower |
| 27:02 | Watch Tower |
| 27:02 | Watch Tower |
| 27:03 | Watch Tower |
| 27:03 | Watch Tower |
| 27:04 | Watch Tower |
| 27:05 | Watch Tower |
| 27:06 | Watch Tower |
| 27:06 | Watch Tower |
| 27:07 | Watch Tower |
| Right click | 1233 |
| Select | 344 |
| Select group | 185 |
| Chat | 175 |
| Build/train/purchase | 92 |
| Use ability | 68 |
| Assign group | 25 |
| Misc. action | 18 |
| Resource trade | 12 |
| Minimap ping | 8 |
| Remove unit | 4 |
| Esc | 1 |
⇛